Map: Gresvan LE

Players

DRG - Winner!

  • Race: Zerg Zerg
  • Spawn Location: 11:00

Harstem

  • Race: Protoss Protoss
  • Spawn Location: 5:00

Event: ESL SC2 Masters 2023 Summer (Finals)

VOD

Have the link to the VOD?

Description

Time

  • Played on: June 16, 2023, 7:55 a.m.
  • Length: 10:00

All games in this series

Show
View Real Time Build Order
Export as new Build Order

DRG Zerg - Winner!

Build Orders: Hatch First 

Get SALT Encoding   

  12  0:00  Drone  
  13  0:11  Overlord  
  13  0:17  Drone  
  14  0:30  Drone x2  
  14  0:34  Drone  
  17  0:51  Hatchery  
  17  0:54  Drone  
  17  0:57  Drone  
  17  1:01  Extractor  
  17  1:13  Spawning Pool  
  17  1:16  Drone  
  17  1:19  Drone  
  18  1:28  Drone  
  19  1:38  Drone  
  20  1:49  Drone  
  21  2:02  Queen, Metabolic Boost  
  21  2:04  Queen  
  21  2:05  Overlord  
  25  2:10  Zergling x2  
  25  2:12  Zergling x2  
  25  2:15  Zergling x2  
  28  2:24  Zergling x4  
  30  2:33  Zergling x2  
  31  2:38  Hatchery  
  30  2:45  Queen  
  30  2:50  Overlord  
  32  2:56  Drone x2  
  32  2:57  Drone  
  35  3:02  Drone  
  35  3:05  Overlord  
  36  3:10  Drone x2  
  38  3:13  Drone  
  38  3:17  Drone x2  
  41  3:20  Drone  
  41  3:22  Drone  
  43  3:28  Queen  
  43  3:33  Queen  
  47  3:38  Overlord  
  47  3:41  Drone  
  47  3:48  Drone  
  47  3:50  Drone  
  47  3:51  Drone x4  
  51  3:59  Queen  
  51  4:01  Drone x3  
  55  4:06  Drone x3  
  55  4:09  Spore Crawler  
  57  4:12  Drone  
  57  4:15  Queen  
  60  4:21  Drone x2  
  60  4:22  Drone x2  
  60  4:24  Overlord  
  64  4:31  Zergling x2  
  65  4:33  Overlord  
  65  4:34  Overlord  
  65  4:38  Overlord  
  65  4:40  Overlord  
  65  4:47  Drone, Roach Warren  
  65  4:49  Overlord  
  65  4:52  Drone x3  
  68  4:54  Drone  
  68  4:57  Drone x2  
  68  4:58  Drone x3  
  74  5:06  Overlord  
  74  5:07  Lair  
  74  5:10  Drone x5  
  74  5:12  Extractor  
  74  5:13  Extractor  
  76  5:14  Extractor  
  76  5:15  Extractor  
  76  5:18  Zergling x4  
  76  5:19  Drone x2  
  78  5:22  Drone  
  78  5:26  Drone  
  78  5:27  Zergling x2  
  81  5:31  Zergling x6  
  81  5:34  Spine Crawler  
  83  5:38  Roach x3  
  88  5:44  Extractor, Zergling x10  
  88  5:47  Zergling x2  
  88  5:49  Overlord  
  93  5:53  Roach  
  95  6:00  Roach x5  
  105  6:07  Drone x4  
  105  6:09  Spire  
  105  6:10  Drone x4  
  112  6:15  Zergling x2  
  112  6:18  Glial Reconstitution  
  112  6:23  Zergling x4  
  110  6:29  Zergling x8  
  110  6:30  Ravager x3  
  115  6:36  Zergling x6  
  115  6:39  Zergling x6  
  117  6:42  Overlord  
  117  6:44  Drone  
  117  6:45  Drone x2  
  118  6:49  Overlord  
  118  6:54  Hatchery, Zergling x8, Overseer  
  119  6:56  Overlord  
  119  7:01  Overlord  
  118  7:08  Zergling x10  
  116  7:22  Mutalisk  
  116  7:23  Mutalisk x7  
  116  7:26  Zergling x6  
  134  7:31  Roach  
  134  7:34  Roach x5  
  146  7:45  Overlord  
  146  7:47  Roach x2  
  152  7:51  Roach x2  
  152  7:52  Overlord x2  
  153  8:05  Roach x9  
  165  8:10  Roach x2  
  164  8:19  Roach x3  
  160  8:28  Roach x8  
  160  8:33  Roach x3  
  184  8:41  Roach  
  184  8:45  Overlord x2  
  182  8:48  Overlord  
  182  8:49  Overlord x2  
  182  8:53  Roach x2  
  182  8:54  Overlord  
  184  8:58  Overlord x3  
  184  9:02  Overlord  
  182  9:03  Ravager  
  182  9:04  Ravager x5  
  182  9:05  Zergling x16  
  182  9:06  Ravager x4  
  200  9:21  Zergling x4  
  200  9:29  Evolution Chamber  
  199  9:36  Zergling x22  
Show
View Real Time Build Order
Export as new Build Order

Harstem Protoss 

Build Orders: 1 Gate Expand, Oracle Opening 

Get SALT Encoding   

  12  0:00  Probe  
  13  0:12  Probe  
  14  0:17  Pylon  
  14  0:24  Probe (Chrono Boost)  
  15  0:36  Probe (Chrono Boost)  
  15  0:37  Gateway  
  16  0:45  Probe (Chrono Boost)  
  16  0:47  Assimilator  
  17  0:50  Probe  
  18  1:03  Probe  
  19  1:15  Probe  
  20  1:23  Nexus  
  20  1:32  Cybernetics Core  
  20  1:35  Probe  
  21  1:41  Assimilator  
  21  1:47  Probe  
  21  1:50  Pylon  
  22  1:59  Probe  
  23  2:06  Adept (Chrono Boost)  
  23  2:09  Warp Gate  
  23  2:11  Probe  
  26  2:23  Probe  
  26  2:29  Adept  
  29  2:36  Probe  
  30  2:37  Probe  
  30  2:38  Stargate  
  31  2:48  Probe  
  31  2:50  Probe  
  33  2:52  Gateway  
  33  2:59  Adept  
  33  3:04  Probe  
  36  3:10  Shield Battery  
  36  3:13  Probe  
  36  3:18  Probe  
  36  3:19  Oracle (Chrono Boost)  
  38  3:20  Pylon  
  38  3:25  Probe  
  42  3:30  Probe  
  42  3:37  Probe  
  43  3:42  Probe  
  44  3:49  Probe  
  44  3:54  Probe  
  41  4:01  Probe  
  41  4:03  Adept, Twilight Council  
  41  4:06  Probe  
  41  4:09  Nexus  
  44  4:12  Robotics Facility  
  44  4:13  Probe  
  44  4:16  Pylon  
  45  4:18  Probe  
  46  4:25  Probe, Stalker x2  
  46  4:30  Probe  
  52  4:34  Assimilator  
  52  4:37  Probe  
  52  4:38  Blink (Chrono Boost), Gateway  
  53  4:40  Gateway  
  53  4:42  Probe  
  54  4:49  Probe  
  55  4:54  Probe  
  55  4:56  Pylon  
  56  5:02  Stalker  
  56  5:03  Probe, Stalker  
  56  5:07  Probe  
  62  5:13  Warp Prism (Chrono Boost)  
  62  5:15  Probe  
  62  5:21  Probe  
  66  5:27  Pylon  
  67  5:33  Probe  
  67  5:35  Stalker x3  
  71  5:36  Stalker  
  71  5:37  Probe x2  
  74  5:45  Probe  
  74  5:46  Shield Battery  
  74  5:49  Probe  
  76  5:52  Probe  
  77  5:58  Stalker x3  
  77  5:59  Stalker  
  77  6:00  Probe  
  77  6:01  Probe  
  87  6:04  Probe  
  87  6:06  Pylon  
  88  6:12  Probe  
  88  6:13  Probe  
  88  6:17  Probe, Pylon  
  89  6:23  Stalker x2  
  89  6:24  Probe  
  94  6:27  Stalker x2  
  94  6:29  Probe (Chrono Boost), Assimilator  
  94  6:30  Probe (Chrono Boost)  
  98  6:33  Assimilator  
  98  6:38  Probe (Chrono Boost)  
  95  6:41  Probe (Chrono Boost)  
  95  6:42  Probe (Chrono Boost)  
  95  6:46  Assimilator  
  98  6:48  Probe (Chrono Boost)  
  98  6:49  Probe (Chrono Boost)  
  98  6:50  Probe (Chrono Boost)  
  98  6:51  Stalker x3  
  106  6:55  Pylon  
  106  7:04  Probe, Observer (Chrono Boost)  
  106  7:05  Probe  
  109  7:10  Pylon  
  109  7:11  Forge  
  109  7:13  Probe, Templar Archives  
  110  7:17  Probe  
  111  7:28  Stalker x2  
  115  7:30  Stalker x2  
  115  7:34  Nexus  
  115  7:35  Pylon  
  115  7:36  Immortal (Chrono Boost)  
  119  7:41  Protoss Ground Weapons Level 1 (Chrono Boost)  
  123  7:46  Pylon  
  123  7:52  Stalker  
  123  7:56  Gateway  
  123  7:57  Gateway  
  124  8:05  Stalker x3  
  122  8:13  Immortal (Chrono Boost)  
  122  8:17  Charge  
  125  8:25  Phoenix (Chrono Boost)  
  125  8:26  Stalker  
  126  8:28  Stalker x3  
  126  8:29  Probe  
  126  8:30  Probe  
  127  8:39  Probe (Chrono Boost)  
  126  8:43  Probe (Chrono Boost)  
  126  8:47  Immortal (Chrono Boost)  
  123  8:48  Probe (Chrono Boost)  
  123  8:52  Probe (Chrono Boost)  
  123  8:53  Probe (Chrono Boost)  
  125  8:56  Probe (Chrono Boost)  
  125  8:57  Probe (Chrono Boost)  
  125  9:01  Probe (Chrono Boost), Phoenix  
  129  9:06  Shield Battery  
  129  9:07  Probe (Chrono Boost)  
  129  9:09  High Templar  
  133  9:11  Photon Cannon  
  133  9:13  Probe (Chrono Boost)  
  133  9:17  Probe (Chrono Boost)  
  133  9:19  Probe x2 (Chrono Boost)  
  133  9:24  Probe x2 (Chrono Boost), Shield Battery  
  134  9:26  Probe (Chrono Boost), Phoenix, Stalker x2  
  138  9:33  Probe x2, Stalker x2  
  142  9:41  Probe  
  142  9:44  Stalker x2  
  142  9:45  Probe x2  
  137  9:50  Stalker x2  
  117  9:57  Stalker x2  
Tags
 
Add a new tag
Caveats
  • Supply blocks, unpowered buildings, or Contaminate may cause inaccurate times.
  • Supply counts are checked every 10 seconds.